 Dungeon Crawl Stone Soup version 0.13-a0-2739-gace2dc1 (console) character file.

94 Kellhus the Magician (level 2, -2/13 HPs)
             Began as a Gargoyle Wizard on Aug 21, 2013.
             Slain by a kobold (3 damage)
             ... on Level 1 of the Dungeon.
             The game lasted 00:01:02 (766 turns).

Kellhus the Magician (Gargoyle Wizard)               Turns: 766, Time: 00:01:03

HP  -2/13        AC  4     Str 10      XL: 2   Next: 87%
MP   1/7         EV 11     Int 18      God:
Gold 73          SH  0     Dex  8      Spells:  1 memorised,  6 levels left

Res.Fire  : . . .   See Invis. : .   (no weapon)
Res.Cold  : . . .   Warding    : .   a - +0 robe
Life Prot.: + . .   Conserve   : .   (no shield)
Res.Poison: +       Res.Corr.  : .   b - +0 wizard hat
Res.Elec. : +       Clarity    : .   (no cloak)
Sust.Abil.: . .     Spirit.Shd : .   (no gloves)
Res.Mut.  : .       Stasis     : .   (no boots)
Res.Rott. : +       Flight     : .   (no amulet)
Saprovore : . . .                    (no ring)
                                     (no ring)

@: not resistant to hostile enchantments, unstealthy
A: fangs 1, talons 2, life protection 1, electricity resistance, slow metabolism
1, unbreathing, petrification resistance, AC +2
a: no special abilities


You were on level 1 of the Dungeon.
You were not hungry.

You visited 1 branch of the dungeon, and saw 1 of its levels.

You collected 53 gold pieces.

Inventory:

Armour
 a - a +0 robe (worn)
 b - a +0 wizard hat (worn)
Comestibles
 d - a bread ration
 j - a pear
 k - a chunk of bat flesh
 m - a chunk of giant gecko flesh
Scrolls
 e - a scroll of enchant weapon II {unknown}
 f - a scroll of identify {unknown}
 h - a scroll of curse jewellery {unknown}
 i - a scroll of teleportation {unknown}
 n - a scroll of enchant armour {unknown}
 o - a scroll of recharging {unknown}
Potions
 g - a potion of agility {unknown}
 l - 2 potions of brilliance {unknown}
Books
 c - a book of Minor Magic

   Spells                             Type                      Level
   *Magic Dart                        Conjuration                  1
   Blink                              Translocation                2
   Call Imp                           Summoning                    2
   Repel Missiles                     Charms/Air                   2
   Slow                               Hexes                        2
   Conjure Flame                      Conjuration/Fire             3
   Mephitic Cloud                     Conjuration/Poison/Air       3


   Skills:
 - Level 1.5 Dodging
 - Level 2.1 Stealth
 - Level 3.0 Spellcasting
 + Level 3.0 Conjurations
   Level 0.8 Summonings
   Level 0.8 Translocations


You had 6 spell levels left.
You knew the following spells:

 Your Spells              Type           Power        Failure   Level  Hunger
a - Magic Dart            Conj           ##..         6%          1    None


Dungeon Overview and Level Annotations

Branches:
Dungeon (1/27)

Altars:


Innate Abilities, Weirdness & Mutations

You are resistant to torment.
You are immune to poison.
Your stone body is very resilient (AC +2).
You have very sharp teeth.
You have razor-sharp toenails.
You resist negative energy.
You are resistant to electric shocks.
You have a slow metabolism.
You can survive without breathing.
You are immune to petrification.


Message History

Aim: a giant newt The magic dart hits the giant newt.
You kill the giant newt!
Your Conjurations skill increases to level 3!
You aren't carrying any items that can be evoked.
There are monsters nearby!
You hit the kobold. Your kick misses the kobold.
The kobold is moderately wounded.
The kobold hits you.
* * * LOW HITPOINT WARNING * * *
You hit the kobold but do no damage. You claw the kobold.
The kobold is heavily wounded.
The kobold misses you.
You barely miss the kobold.
The kobold is heavily wounded.
The kobold closely misses you.
You barely miss the kobold.
The kobold is heavily wounded.
The kobold hits you.
You die...

##..##.# #..###.# #.......
######## ##.## #.# #.#l#### #
##.###.#####.. #.#.# #
##.......#<############.#.####
####...####...# #...>%.......#
##....## ##.## #.####..#....#
#.###..######..# #.# #..###..#
# ##....##..######.# #..>.....
# #<##.)..#<#@KK..# ##.###...
# ###############.# #.......
#.# #####.## #.# #.#.
#.#########.#. .K..........#.
..#######..... ..........####
##########


You could see 2 kobolds.

Vanquished Creatures
  A giant gecko (D:1)
  A ball python (D:1)
  4 goblins (D:1)
  4 hobgoblins (D:1)
  A kobold (D:1)
  4 bats (D:1)
  A giant newt (D:1)
  3 rats (D:1)
19 creatures vanquished.

Notes
Turn   | Place    | Note
--------------------------------------------------------------
     0 | D:1      | Kellhus, the Gargoyle Wizard, began the quest for the Orb.
     0 | D:1      | Reached XP level 1. HP: 8/8 MP: 5/5
   197 | D:1      | Reached XP level 2. HP: 11/13 MP: 1/7
   766 | D:1      | Slain by a kobold

Action                   || total
-------------------------++-------
Melee: Unarmed           ||     7
 Cast: Magic Dart        ||    46
